 Dungeon Crawl Stone Soup version 0.28.0-53-g5a82cb258f (webtiles) character file.

Game seed: 3723556804357132304

582 SanguineChosen the Cudgeller (level 7, -4/44 HPs)
             Began as a Gargoyle Berserker on June 29, 2022.
             Was a Priest of Trog.
             Slain by a gnoll
             ... wielding a +0 halberd
              (8 damage)
             ... on level 5 of the Dungeon.
             The game lasted 00:21:39 (5852 turns).

SanguineChosen the Cudgeller (Gargoyle Berserker)   Turns: 5852, Time: 00:21:39

Health: -4/44      AC: 16    Str: 22    XL:     7   Next: 36%
Magic:  7/7        EV: 11    Int:  8    God:    Trog [***...]
Gold:   139        SH:  0    Dex:  9    Spells: 6/6 levels left

rFire   . . .      SeeInvis .   i - +2 dagger (flame)
rCold   . . .      Faith    .   (no shield)
rNeg    + . .      Spirit   .   o - +0 ring mail
rPois   ∞          Reflect  .   e - +1 helmet
rElec   +          Harm     .   (no cloak)
rCorr   +          Rampage  .   (no gloves)
Will    .....                   b - +2 pair of boots
Stlth   +.........              (no amulet)
HPRegen 0.14/turn               n - ring of resist corrosion
MPRegen 0.10/turn               (no ring)

@: mighty
A: sickness immunity, AC +4, negative energy resistance 1, electricity
resistance, torment resistance 1, petrification resistance
a: Renounce Religion, Berserk, Trog's Hand


You were on level 5 of the Dungeon.
You worshipped Trog.
Trog was most pleased with you.
You visited 1 branch of the dungeon, and saw 5 of its levels.

You collected 139 gold pieces.

Inventory:

Hand Weapons
 a - a +0 mace
 i - a +2 dagger of flaming (weapon)
Armour
 b - a +2 pair of boots (worn)
 e - a +1 helmet (worn)
 g - a +0 leather armour
 o - a +0 ring mail (worn)
Jewellery
 c - a ring of ice
 h - a ring of fire
 n - a ring of resist corrosion (left hand)
Wands
 j - a wand of acid (4)
 r - a wand of mindburst (13)
Scrolls
 d - a scroll of acquirement {unknown}
 f - a scroll of summoning {unknown}
 k - a scroll of identify
 l - 2 scrolls of immolation
 q - a scroll of teleportation {unknown}
 s - a scroll of fear {unknown}
Potions
 p - a potion of flight


   Skills:
 + Level 4.7 Fighting
 * Level 0.9 Short Blades
 + Level 5.7 Maces & Flails
 + Level 4.3 Armour
 + Level 2.6 Dodging
 + Level 1.6 Stealth
 - Level 0.1 Evocations


You had 6 spell levels left.
You didn't know any spells.
Your spell library was empty.

Dungeon Overview and Level Annotations

Branches:
Dungeon (5/15)
 Temple: D:4-7

Altars:


Innate Abilities, Weirdness & Mutations

You are immune to sickness and miasma.
Your stone body is resilient. (AC +4)
You are immune to poison.
You resist negative energy. (rN+)
You are resistant to electric shocks. (rElec)
You are resistant to unholy torment.
You are immune to petrification.


Message History

s - a scroll labelled ETSUDU QASAF The gnoll sergeant shouts!
You hear a shout! x2
The gnoll shouts!
The gnoll shouts!
The gnoll sergeant hits you from afar with a +0 vorpal spear.
A gnoll comes into view. It is wielding a +0 halberd.
The gnoll sergeant hits you but does no damage.
The gnoll sergeant hits you but does no damage.
The gnoll hits you from afar with a +0 halberd.
The gnoll sergeant hits you but does no damage.
The gnoll hits you but does no damage. The gnoll sergeant barely misses you.
The gnoll hits you but does no damage.
The gnoll sergeant hits you with a +0 vorpal spear!
You puncture the gnoll sergeant! You burn the gnoll sergeant.
The gnoll sergeant is moderately wounded.
The gnoll misses you. x2
The gnoll sergeant hits you but does no damage.
The gnoll hits you from afar with a +0 halberd.
The gnoll hits you with a +0 flail!
The gnoll sergeant hits you from afar with a +0 vorpal spear.
* * * LOW HITPOINT WARNING * * *
x2 The gnoll hits you with a +0 flail.
* * * LOW HITPOINT WARNING * * *
You feel very mighty all of a sudden. The gnoll completely misses you.
The gnoll closely misses you. The gnoll barely misses you.
The gnoll closely misses you. The gnoll hits you but does no damage.
The gnoll sergeant closely misses you. The gnoll hits you but does no damage.
You puncture the gnoll! You burn the gnoll.
The gnoll is severely wounded.
The gnoll barely misses you.
The gnoll sergeant hits you from afar with a +0 vorpal spear.
* * * LOW HITPOINT WARNING * * *
x2 The gnoll misses you.
The gnoll closely misses you.
The gnoll sergeant hits you from afar with a +0 vorpal spear.
* * * LOW HITPOINT WARNING * * *
x2 The gnoll hits you from afar with a +0 halberd!
You die...

.........#.................#.....
.........###..............##.....
..........#......................
..............##.).g....##.......
.........#.#....#.#.........####.
..#.............g)#g.#####.....#.
..#...#.......##g.gg..# ###......
....#...#..g#..###........
...###..@##..#...........
##.####....#........ ...
##.....<...... ##.. #............
#.. ####.......#. ### #.........
##........ ##....... ##......


You could see a gnoll sergeant and 5 gnolls.

Vanquished Creatures
  Eustachio (D:4)
  2 scorpions
  A howler monkey (D:4)
  A gnoll shaman (D:5)
  An iguana (D:5)
  Natasha (thrice) (D:4)
  2 adders (D:2)
  4 gnolls (D:5)
  3 dart slugs
  11 orcs
  4 ball pythons
  7 endoplasms
  2 giant cockroaches
  11 goblins
  3 hobgoblins
  9 jackals
  4 kobolds
  4 quokkas
  10 bats
  2 frilled lizards (D:1)
  5 rats
90 creatures vanquished.

Notes
Turn   | Place    | Note
-------+----------+-------------------------------------------
     0 | D:1      | SanguineChosen the Gargoyle Berserker began the quest for
                  | the Orb.
     0 | D:1      | Reached XP level 1. HP: 14/14 MP: 1/1
   165 | D:1      | Found a faded altar of an unknown god.
   186 | D:1      | Reached XP level 2. HP: 11/19 MP: 2/2
  1047 | D:1      | Reached XP level 3. HP: 22/24 MP: 3/3
  1062 | D:1      | Reached ** piety under Trog
  2062 | D:2      | Reached skill level 4 in Maces & Flails
  2062 | D:2      | Reached XP level 4. HP: 26/29 MP: 4/4
  3901 | D:3      | Reached *** piety under Trog
  4247 | D:4      | Noticed Eustachio
  4291 | D:4      | Noticed Natasha
  4305 | D:4      | Killed Natasha
  4306 | D:4      | Reached skill level 1 in Stealth
  4306 | D:4      | Reached XP level 5. HP: 16/33 MP: 5/5
  4840 | D:4      | Noticed Natasha
  4856 | D:4      | Killed Natasha
  4857 | D:4      | Reached skill level 5 in Maces & Flails
  4857 | D:4      | Reached XP level 6. HP: 38/38 MP: 6/6
  5105 | D:4      | Noticed Natasha
  5115 | D:4      | Killed Natasha
  5380 | D:4      | Killed Eustachio
  5508 | D:5      | Entered Level 5 of the Dungeon
  5568 | D:5      | Reached XP level 7. HP: 44/44 MP: 7/7
  5852 | D:5      | Slain by a gnoll

Illustrated notes

Levels and vault maps discovered:
D:1:      minmay_arrival_stair_chambers, layout_basic,
          shapermc_ecumenical_altar_starsandcircs, corexii_leaking_fountain,
          minmay_tetromino_o4
D:2:      layout_basic, minmay_misc_feat_iff, minmay_misc_feat_square
D:3:      layout_rooms, minmay_tree_intersection
D:4:      layout_basic, uniq_eustachio, uniq_natasha
D:5:      layout_cave_pools

Skill      XL: |  1  2  3  4  5  6 |
---------------+-------------------+-----
Dodging        | 2 |  2.6
Maces & Flails | 4 5 |  5.7
Stealth        | 1 |  1.6
Armour         | 3 4 |  4.3
Fighting       | 4 |  4.7
Short Blades   | |  0.9
Evocations     | |  0.1

Action                   |  1- 3 |  4- 6 |  7- 9 || total
-------------------------+-------+-------+-------++-------
Melee: Mace              |   124 |   176 |       ||   300
       Punch             |     1 |       |       ||     1
       Dagger            |       |       |    35 ||    35
Invok: Berserk           |       |     3 |       ||     3
Evoke: Wand              |       |     2 |     7 ||     9
  Use: Scroll            |       |    10 |       ||    10
       Potion            |       |       |     2 ||     2
 Stab: Sleeping          |       |     1 |       ||     1
Armor: Animal skin       |    50 |       |       ||    50
       Leather armour    |    24 |    25 |       ||    49
       Ring mail         |       |    67 |    31 ||    98
Dodge: Dodged            |    98 |   118 |    34 ||   250
